 Dungeon Crawl Stone Soup version 0.29.1-15-g9cfb28693d (webtiles) character file.

Game seed: 13858223838331094889

46 Mysteryquy the Trooper (level 3, -3/24 HPs)
             Began as a Gargoyle Fighter on May 2, 2023.
             Slain by an orc
             ... wielding a +0 trident
              (5 damage)
             ... on level 3 of the Dungeon.
             The game lasted 00:01:42 (1464 turns).

Mysteryquy the Trooper (Gargoyle Fighter)           Turns: 1464, Time: 00:01:42

Health: -3/24      AC: 11    Str: 19    XL:     3   Next: 66%
Magic:  3/3        EV:  9    Int:  8    God:
Gold:   93         SH:  4    Dex: 11    Spells: 2/2 levels left

rFire   . . .      SeeInvis .   a - +0 flail
rCold   . . .      Faith    .   c - +0 buckler
rNeg    + . .      Spirit   .   b - +0 scale mail
rPois   ∞          Reflect  .   (no helmet)
rElec   +          Harm     .   (no cloak)
rCorr   .          Rampage  .   f - +0 pair of gloves
Will    .....                   (no boots)
Stlth   ..........              (no amulet)
HPRegen 0.08/turn               (no ring)
MPRegen 0.08/turn               (no ring)

@: mighty
A: sickness immunity, AC +3, negative energy resistance 1, electricity
resistance, torment resistance 1, petrification resistance
a: no special abilities


You were on level 3 of the Dungeon.
You visited 1 branch of the dungeon, and saw 3 of its levels.

You collected 93 gold pieces.

Inventory:

Hand Weapons
 a - a +0 flail (weapon)
Armour
 b - a +0 scale mail (worn)
 c - a +0 buckler (worn)
 f - a +0 pair of gloves (worn)
Potions
 e - a potion of curing {unknown}
 g - a potion of ambrosia {unknown}
 h - a potion of brilliance {unknown}
 i - a potion of attraction {unknown}


   Skills:
 + Level 4.2 Fighting
 + Level 3.1 Maces & Flails
 - Level 3.2 Armour
 - Level 3.2 Shields


You had 2 spell levels left.
You didn't know any spells.
Your spell library was empty.

Dungeon Overview and Level Annotations

Branches:
Dungeon (3/15)

Altars:

Annotations:
D:2 Sigmund


Innate Abilities, Weirdness & Mutations

You are immune to sickness and miasma.
Your stone body is resilient. (AC +3)
You are immune to poison.
You resist negative energy. (rN+)
You are resistant to electric shocks. (rElec)
You are resistant to unholy torment.
You are immune to petrification.


Message History

You barely miss the rat.
The orc shouts!
You hear a shout!
The bat hits you but does no damage. The orc barely misses you.
The rat bites you but does no damage.
You barely miss the rat. You block the bat's attack. The rat barely misses you.
You block the orc's attack. The rat bites you but does no damage.
You sock the rat!
You kill the rat!
The bat barely misses you.
An orc comes into view. It is wielding a +0 trident.
The orc hits you but does no damage. The orc attacks as you move away!
The orc hits you with a +0 dagger.
You feel very mighty all of a sudden.
You thump the orc!
You kill the orc!
The orc hits you but does no damage. The bat closely misses you.
You closely miss the orc. The bat barely misses you.
The bat hits you but does no damage. The orc hits you but does no damage. x2
You hit the orc.
The orc is heavily wounded.
The bat closely misses you. You block the bat's attack.
The orc barely misses you. The orc hits you with a +0 falchion.
The bat hits you but does no damage. You block the orc's attack.
The orc closely misses you. The orc hits you but does no damage.
You thump the orc!
You kill the orc!
The bat hits you but does no damage. The orc hits you with a +0 flail!
The orc completely misses you. The orc barely misses you.
Items here: )) [ ††.
You barely miss the orc. The bat hits you but does no damage. x3
The orc hits you but does no damage. x2
You closely miss the orc. The bat misses you. You block the orc's attack.
The orc hits you from afar with a +0 trident!
* * * LOW HITPOINT WARNING * * *
The bat misses you.
You barely miss the orc. The bat barely misses you.
The bat hits you but does no damage. The orc hits you but does no damage.
The orc hits you from afar with a +0 trident.
You die...

#..... #.... oo .#
#.#.# o# . ....# .
. #... ##..# #.
#..#...#.# ##..#
#........####
......#@####.......
.......obo.<†....#
#.~....##..........
#P~~#.# ####.....##
#~P #. ....!# #~ #.
.....# # . .....# .
(....# ?....#


You could see 2 orcs and a bat.

Vanquished Creatures
  A dart slug (D:1)
  2 orcs (D:3)
  6 ball pythons
  4 endoplasms
  A giant cockroach (D:1)
  4 goblins
  4 jackals (D:1)
  A quokka (D:1)
  5 bats
  3 frilled lizards
  3 kobolds
  6 rats
40 creatures vanquished.

Notes
Turn   | Place    | Note
-------+----------+-------------------------------------------
     0 | D:1      | Mysteryquy the Gargoyle Fighter began the quest for the
                  | Orb.
     0 | D:1      | Reached XP level 1. HP: 14/14 MP: 1/1
    81 | D:1      | Reached XP level 2. HP: 17/20 MP: 2/2
   436 | D:1      | Reached skill level 4 in Fighting
   735 | D:1      | Reached XP level 3. HP: 24/24 MP: 3/3
  1199 | D:2      | Found a faded altar of an unknown god.
  1406 | D:2      | Noticed Sigmund
  1464 | D:3      | Slain by an orc

Illustrated notes

Levels and vault maps discovered:
D:1:      nicolae_arrival_memento_mori, layout_loops_ring
D:2:      layout_basic, ebering_ecumenical_altar_petrified, uniq_sigmund,
          uniq_natasha
D:3:      layout_rooms, serial_shops, nicolae_shop_hallway_stairs,
          serial_bayou_pond_e, serial_bayou_pond_a, minmay_rat_hole

Skill      XL: |  1  2  3 |
---------------+----------+-----
Fighting       | 4 |  4.2
Maces & Flails | 3 |  3.1
Armour         | |  3.2
Shields        | |  3.2

Action                   || total
-------------------------++-------
Melee: Flail             ||   133
  Use: Potion            ||     1
Armor: Scale mail        ||    85
Dodge: Dodged            ||    80
Block: Buckler           ||    37
